 Dungeon Crawl Stone Soup version 0.31.0-11-ge490571c62 (webtiles) character file.

Game seed: 12412056603582544363

27 qw the Shooter (level 2, 0/16 HPs)
             Began as a Deep Elf Hunter on Feb 4, 2024.
             Slain by Terence
             ... wielding a +0 hand axe
              (6 damage)
             ... on level 2 of the Dungeon.
             The game lasted 00:00:04 (1520 turns).

qw the Shooter (Deep Elf Hunter)                    Turns: 1520, Time: 00:00:05

Health: 0/16       AC:  6    Str:  8    XL:     2   Next: 93%
Magic:  4/4        EV:  8    Int: 13    God:
Gold:   78         SH:  0    Dex: 18    Spells: 1/1 levels left

rFire   + . .        a - +0 shortbow
rCold   + . .        (shield currently unavailable)
rNeg    . . .        e - +0 scale mail
rPois   .            (no helmet)
rElec   .            d - scarf {rC+ rF+}
rCorr   .            (no gloves)
SInv    .            (no boots)
Will    .....        (no amulet)
Stlth   +            (no ring)
HPRegen 0.22/turn    (no ring)
MPRegen 0.09/turn

%: no passive effects
@: no status effects
A: no striking features
a: no special abilities


You were on level 2 of the Dungeon.
You visited 1 branch of the dungeon, and saw 2 of its levels.

You collected 78 gold pieces.


   Skills:
 - Level 1.5 Fighting
 + Level 6.6 Ranged Weapons
 - Level 2.4 Dodging
 - Level 1.2 Stealth


You had one spell level left.
You didn't know any spells.
Your spell library was empty.

Inventory:

Hand Weapons
 a - a +0 shortbow (weapon)
Armour
 b - a +0 pair of gloves
 d - a scarf of resistance (worn)
 e - a +0 scale mail (worn)
Scrolls
 c - 2 scrolls of identify
Potions
 f - 2 potions of enlightenment {unknown}

Dungeon Overview and Level Annotations

Branches:
Dungeon (2/15)

Altars:

Annotations:
D:2 Terence


Message History

As you open the door, it creaks loudly!
You hear a shout!
There is an open door here.
A kobold comes into view. It is wielding a +0 club.
You shoot an arrow. The arrow hits the kobold.
The kobold is moderately wounded.
You shoot an arrow. The arrow closely misses the kobold.
The kobold hits you with a +0 club.
You shoot an arrow. The arrow hits the kobold.
You kill the kobold!
You start resting.
HP restored.
You see here a +0 club.
Found a falchion.
c - 2 scrolls of identify (gained 1)
You see here a +0 falchion.
You now have 66 gold pieces (gained 13).
You now have 78 gold pieces (gained 12).
You open the door.
There is an open door here.
You open the door.
There is an open door here.
There is a stone staircase leading down here.
Terence the Incautious comes into view.
He is wielding a +0 hand axe.
Terence shouts!
Enter note:
Enter note: You shoot an arrow.
The arrow hits Terence.
Terence is lightly wounded.
You shoot an arrow.
The arrow hits Terence but does no damage.
Terence is lightly wounded.
You shoot an arrow. The arrow closely misses Terence.
Terence hits you with a +0 hand axe. x2
You shoot an arrow. The arrow hits Terence.
Terence is moderately wounded.
Terence hits you with a +0 hand axe.
You shoot an arrow. The arrow barely misses Terence.
Terence barely misses you. Terence hits you with a +0 hand axe.
You die...
Terence says, "Rest in peace."

## #######..# #
#..## .# # #...#
.# # #.#.# .#
#.#.# .# #
#.#.###.# ##.# .
#.......#.....
+....##.###.......
#.........@.......
##......###@####..
##..#### .# ##. .#
# .# .. ##


You could see Terence.

Vanquished Creatures
  A ribbon worm (D:2)
  2 ball pythons (D:1)
  An endoplasm (D:1)
  4 goblins
  3 hobgoblins (D:1)
  4 jackals (D:1)
  2 quokkas (D:1)
  A frilled lizard (D:2)
  2 kobolds (D:2)
  A rat (D:1)
21 creatures vanquished.

Notes
Turn   | Place    | Note
-------+----------+-------------------------------------------
     0 | D:1      | qw the Deep Elf Hunter began the quest for the Orb.
     0 | D:1      | Reached XP level 1. HP: 12/12 MP: 3/3
     0 | D:1      | 0 ||| qw: Version: 0.3-a-160-g6735b56
     0 | D:1      | 0 ||| qw: Game counter: 5353
     0 | D:1      | 0 ||| qw: Melee chars always use a shield: true
     0 | D:1      | 0 ||| qw: God list: Okawaru
     0 | D:1      | 0 ||| qw: Allow faded altars: false
     0 | D:1      | 0 ||| qw: Do Orc after clearing Dungeon:15 true
     0 | D:1      | 0 ||| qw: Do second Lair branch before Depths: true
     0 | D:1      | 0 ||| qw: Lair rune preference: random
     0 | D:1      | 0 ||| qw: Goals: Normal
     0 | D:1      | 0 ||| PLANNING D:1-11
   288 | D:1      | Reached XP level 2. HP: 16/16 MP: 4/4
   297 | D:1      | Reached skill level 6 in Ranged Weapons
   886 | D:1      | 886 ||| UPGRADING to scarf of resistance.
   891 | D:1      | 891 ||| UPGRADING to +0 scale mail.
   901 | D:1      | 901 ||| DROPPING +0 leather armour.
   902 | D:1      | 902 ||| READING scroll labelled REPLU WOATI.
   902 | D:1      | 902 ||| ENCHANTING +0 shortbow.
   903 | D:1      | 903 ||| READING scroll labelled GUSTOC NEBLOBY.
   908 | D:1      | 908 ||| READING scroll labelled WIOFIA RECH.
  1009 | D:1      | 1009 ||| READING scroll labelled VEHAXA USHRE.
  1009 | D:1      | 1009 ||| IDENTIFYING ruby potion
  1010 | D:1      | 1010 ||| READING scroll labelled VAOCUL QERAGH.
  1011 | D:1      | 1011 ||| READING scroll labelled YGAMUE ALUXKI.
  1039 | D:1      | 1039 ||| DROPPING scroll of butterflies.
  1040 | D:1      | 1040 ||| DROPPING potion of berserk rage.
  1515 | D:2      | Noticed Terence
  1520 | D:2      | Slain by Terence

Levels and vault maps discovered:
D:1:      pf_arrival_petrified_forest, layout_loops_corners, serial_bayou,
          serial_bayou_pond_d, serial_bayou_shore_a, serial_bayou_lagoon_a,
          serial_bayou_shore_b, serial_bayou_crossing, serial_bayou_ford_a
D:2:      layout_loops_corners, kennysheep_cross_bottleneck,
          minmay_misc_feat_rugged, uniq_terence, uniq_robin

Skill      XL: |  1  2 |
---------------+-------+-----
Ranged Weapons | 6 |  6.6
Fighting       | |  1.5
Dodging        | |  2.4
Stealth        | |  1.2

Action                     || total
---------------------------++-------
   Fire: Shortbow          ||    65
    Use: Scroll            ||     6
 Armour: Scale mail        ||    13
         Leather armour    ||     3
  Dodge: Dodged            ||     8

Table legend:
 A = Non-vault XP
 B = Vault XP
 C = Vault XP percentage of total XP
 D = Non-vault monster count
 E = Vault monster count
 F = Vault count percentage of total count
                 A         B        C        D         E       F
            +---------+---------+-------+---------+---------+-------
      Total |      39 |       0 |   0.0 |      21 |       0 |   0.0
            +---------+---------+-------+---------+---------+-------
        D:1 |      29 |       0 |   0.0 |      16 |       0 |   0.0
        D:2 |      10 |       0 |   0.0 |       5 |       0 |   0.0
            +---------+---------+-------+---------+---------+-------
